 Dungeon Crawl Stone Soup version 0.31-a0-656-gb4d89c20fa (webtiles) character file.

Game seed: 1456574366807417785

10883 zazu2006 the Martial Artist (level 11, -9/83 HPs)
             Began as a Gnoll Wanderer on Aug 30, 2023.
             Was a Priest of Vehumet.
             Mangled by a boulder beetle (15 damage)
             ... on level 11 of the Dungeon.
             The game lasted 00:28:49 (13065 turns).

zazu2006 the Martial Artist (Gnoll Wanderer)       Turns: 13065, Time: 00:28:50

Health: -9/83      AC: 19    Str: 11    XL:     11   Next: 69%
Magic:  42/42      EV: 14    Int: 15    God:    Vehumet [***...]
Gold:   216        SH:  5    Dex: 13    Spells: 28/29 levels left

rFire   . . .        m - +5 hammer
rCold   . . .        M - +0 buckler
rNeg    . . .        z - +0 steam dragon scales
rPois   .            O - +2 helmet {SInv}
rElec   .            x - +0 cloak
rCorr   .            g - +1 pair of gloves
SInv    +            N - +5 pair of boots of the Eternal Fruit {Will++}
Will    ++...        (no amulet)
Stlth   +++          i - ring of magical power
HPRegen 0.33/turn    n - ring of magical power
MPRegen 0.28/turn

%: no passive effects
@: no status effects
A: fangs 1, strong nose, distributed training
a: Renounce Religion


You were on level 11 of the Dungeon.
You worshipped Vehumet.
Vehumet was most pleased with you.
You visited 2 branches of the dungeon, and saw 12 of its levels.

You collected 588 gold pieces.
You spent 372 gold pieces at shops.

Inventory:

Hand Weapons
 m - a +5 hammer (weapon)
 v - a +1 short sword of venom
 K - a +3 scimitar of flaming
Missiles
 e - 3 throwing nets
 k - 3 darts of dispersal
Armour
 g - a +1 pair of gloves (worn)
 q - a +2 tower shield
 x - a +0 cloak (worn)
 z - +0 steam dragon scales (worn)
 M - a +0 buckler (worn)
 N - the +5 pair of boots of the Eternal Fruit (worn) {Will++}
   (You bought it in a shop on level 2 of the Dungeon)

   Will++:    It greatly increases your willpower.
 O - a +2 helmet of see invisible (worn)
Jewellery
 i - a ring of magical power (left hand)
 n - a ring of magical power (right hand)
Wands
 A - a wand of flame (33)
 C - a wand of mindburst (3)
Scrolls
 b - a scroll of fear
 h - 2 scrolls of vulnerability
 j - 3 scrolls of enchant armour
 r - 4 scrolls of noise
 t - 4 scrolls of identify
 u - 2 scrolls of enchant weapon
 D - a scroll of amnesia {unknown}
 E - 4 scrolls of fog {unknown}
 F - 2 scrolls of brand weapon {unknown}
 G - a scroll of torment {unknown}
 I - a scroll of blinking {unknown}
 L - a scroll of poison {unknown}
Potions
 d - 2 potions of mutation
 f - 2 potions of haste
 l - a potion of cancellation {unknown}
 o - 2 potions of resistance
 p - a potion of invisibility {unknown}
 s - a potion of attraction
 w - a potion of heal wounds
 B - a potion of degeneration
 H - a potion of enlightenment {unknown}


   Skills:
 + Level 6.6 Fighting
 + Level 6.6 Short Blades
 + Level 6.6 Long Blades
 + Level 6.6 Axes
 + Level 6.6 Maces & Flails
 + Level 6.6 Polearms
 + Level 6.6 Staves
 + Level 6.6 Ranged Weapons
 + Level 6.6 Throwing
 + Level 6.6 Armour
 + Level 6.6 Dodging
 + Level 7.1 Stealth
 + Level 6.6 Shields
 + Level 10.8 Unarmed Combat
 + Level 9.8 Spellcasting
 + Level 6.0 Conjurations
 + Level 5.5 Hexes
 + Level 5.5 Summonings
 + Level 5.5 Necromancy
 + Level 5.5 Translocations
 + Level 5.5 Transmutations
 + Level 5.5 Fire Magic
 + Level 5.5 Ice Magic
 + Level 5.5 Air Magic
 + Level 5.5 Earth Magic
 + Level 5.5 Poison Magic
 + Level 7.3 Invocations
 + Level 7.2 Evocations
 + Level 6.0 Shapeshifting


You had 28 spell levels left.
You knew the following spells:

 Your Spells              Type           Power      Damage    Failure   Level
a - Foxfire               Conj/Fire      96%        2x1d8     1%          1

Your spell library contained the following spells:

 Spells                   Type           Power      Damage    Failure   Level
 Frozen Ramparts          Ice            46%        1d7       1%          3
 Hailstorm                Conj/Ice       24%        3d7       1%          3
 Call Canine Familiar     Summ           23%        N/A       4%          3
 Portal Projectile        Hex/Tloc       46%        N/A       4%          3
 Animate Dead             Necr           23%        N/A       14%         4
 Leda's Liquefaction      Hex/Erth       11%        N/A       14%         4
 Borgnjor's Vile Clutch   Necr/Erth      11%        N/A       36%         5
 Death Channel            Necr           11%        N/A       91%         6


Dungeon Overview and Level Annotations

Branches:
Dungeon (11/15)            Temple (0/1) D:7            Lair (0/5) D:9
    Orc (1/2) D:10

Altars:
Ashenzari
Elyvilon
Fedhas
Gozag
Hepliaklqana
Makhleb
Trog
Uskayaw
Vehumet
Wu Jian
Xom
The Shining One

Shops:
D:2 [   D:3 (   D:7 :*(=   D:8 (:


Innate Abilities, Weirdness & Mutations

You have very sharp teeth.
Your uncanny sense of smell can sniff out nearby items.
Your experience applies equally to all skills.


Message History

The yak misses you.
You hit the yak but do no damage.
The yak is lightly wounded.
The yak barely misses you.
You barely miss the yak.
The yak is lightly wounded.
The yak closely misses you.
You hit the yak.
The yak is moderately wounded.
The yak gores you! The yak misses you.
You barely miss the yak. Your bite misses the yak.
The yak is moderately wounded.
You block the yak's attack.
You hit the yak.
The yak is moderately wounded.
The yak misses you.
You barely miss the yak.
The yak is moderately wounded.
The yak gores you.
You sock the yak!
The yak is heavily wounded.
The yak gores you but does no damage.
You hit the yak. Your bite misses the yak.
The yak is severely wounded.
You block the yak's attack.
You sock the yak!
The yak is almost dead.
The yak gores you.
You hit the yak.
You kill the yak!
Vehumet accepts your kill. The yak closely misses you.
Your Conjurations skill increases to level 6!
A boulder beetle comes into view.
The boulder beetle curls into a ball and begins rolling!
The boulder beetle hits you!!!
* * * LOW HITPOINT WARNING * * *
The boulder beetle stops rolling and uncurls.
The boulder beetle bites you!
You die...

#.# #...# #....###.#....
#.# ###.# ##.#..).....#
#Y# #<## #.....##....#
#Y# #..##
##.P.P....#.)#### #.#
##..# #..._....##..<...
#.# ##.#
#..PP).#.###..... #.#
#.###......#.# ##....
#.### #.......####.#
###.. #.Y.# ####@#.##
#.# ## ###.# ###.B.# #.#
#Y# #.....# #.# #Y##
##.###.## #.# ###..###
#O.###..####.#
#...O..####.#..........#
#......#....#.####.#####
#......#O###..# #.#
#......Y>###.## #.##


You could see a boulder beetle and a two-headed ogre.

Vanquished Creatures
  A two-headed ogre (D:5)
  Erica (D:9)
  Lodul (D:11)
  A gargoyle (D:11)
  2 kobold demonologists (D:10)
  2 trolls
  2 polar bears (D:10)
  A dream sheep (D:10)
  2 shadows
  A vampire (D:11)
  11 yaks
  3 wyverns
  2 vampire mosquitoes (D:10)
  2 steam dragons
  A water moccasin (D:8)
  6 orc warriors
  An ice beast (D:6)
  7 ogres
  5 phantoms
  5 kobold brigands
  6 bullfrogs
  A gnoll sergeant (D:9)
  2 scorpions (D:5)
  3 wights (D:7)
  18 killer bees
  2 howler monkeys (D:10)
  2 hounds (D:4)
  Crazy Yiuf (D:5)
  3 orc priests
  2 gnoll boudas
  A jelly (D:7)
  3 iguanas
  7 orc wizards
  10 gnolls
  An adder (D:4)
  2 shadow imps (D:6)
  18 orcs
  10 ball pythons
  4 bats
  6 endoplasms
  2 giant cockroaches (D:3)
  4 goblins
  4 hobgoblins
  2 jackals (D:2)
  20 kobolds
  3 quokkas
  A frilled lizard (D:2)
  7 rats
  A spectral kobold (D:2)
203 creatures vanquished.

Vanquished Creatures (collateral kills)
  10 foxfires
10 creatures vanquished.

Vanquished Creatures (others)
  4 dream sheep (D:10)
  A white imp (D:8)
  786 foxfires
791 creatures vanquished.

Grand Total: 1004 creatures vanquished

Notes
Turn   | Place    | Note
-------+----------+-------------------------------------------
     0 | D:1      | zazu2006 the Gnoll Wanderer began the quest for the Orb.
     0 | D:1      | zazu2006 set off with the following items: a +0 dagger, a
                  | scroll of fear, a +0 helmet, a potion of mutation, a +0
                  | robe, a potion of haste; and the following spell memorised:
                  | Foxfire; and the following spells available to memorise:
                  | Hailstorm.
     0 | D:1      | Reached XP level 1. HP: 13/13 MP: 8/8
   260 | D:1      | Reached XP level 2. HP: 19/19 MP: 7/10
   948 | D:2      | Found a hazy altar of Hepliaklqana.
  1096 | D:2      | Found Tyfoh's Antique Armour Shoppe.
  1102 | D:2      | Reached XP level 3. HP: 25/25 MP: 11/11
  1269 | D:2      | Found a faded altar of an unknown god.
  1774 | D:3      | Reached skill level 1 in Invocations
  1877 | D:3      | Reached skill level 1 in Fighting
  1877 | D:3      | Reached skill level 1 in Short Blades
  1877 | D:3      | Reached skill level 1 in Long Blades
  1877 | D:3      | Reached skill level 1 in Axes
  1877 | D:3      | Reached skill level 1 in Maces & Flails
  1877 | D:3      | Reached skill level 1 in Polearms
  1877 | D:3      | Reached skill level 1 in Staves
  1877 | D:3      | Reached skill level 1 in Ranged Weapons
  1877 | D:3      | Reached skill level 1 in Throwing
  1877 | D:3      | Reached skill level 1 in Armour
  1877 | D:3      | Reached skill level 1 in Dodging
  1877 | D:3      | Reached skill level 1 in Shields
  1877 | D:3      | Reached skill level 1 in Shapeshifting
  1877 | D:3      | Reached XP level 4. HP: 32/32 MP: 13/13
  1958 | D:3      | Found Reoluh's Antique Weapon Shoppe.
  2583 | D:4      | Found an opulent altar of Gozag.
  2585 | D:4      | Found a glowing golden altar of the Shining One.
  2591 | D:4      | Found an ornate altar of the Wu Jian Council.
  2594 | D:4      | Found a white marble altar of Elyvilon.
  2602 | D:4      | Noticed a phantom
  2619 | D:4      | Killed a phantom
  2620 | D:4      | Reached skill level 1 in Hexes
  2620 | D:4      | Reached skill level 1 in Summonings
  2620 | D:4      | Reached skill level 1 in Necromancy
  2620 | D:4      | Reached skill level 1 in Translocations
  2620 | D:4      | Reached skill level 1 in Transmutations
  2620 | D:4      | Reached skill level 1 in Fire Magic
  2620 | D:4      | Reached skill level 1 in Ice Magic
  2620 | D:4      | Reached skill level 1 in Air Magic
  2620 | D:4      | Reached skill level 1 in Earth Magic
  2620 | D:4      | Reached skill level 1 in Poison Magic
  2620 | D:4      | Reached XP level 5. HP: 20/37 MP: 14/14
  2883 | D:4      | Noticed a phantom
  2927 | D:4      | Killed a phantom
  2928 | D:4      | Reached XP level 6. HP: 8/44 MP: 16/16
  3133 | D:4      | Found a blossoming altar of Fedhas.
  3142 | D:4      | Found a radiant altar of Vehumet.
  3181 | D:4      | Became a worshipper of Vehumet
  3513 | D:5      | Entered Level 5 of the Dungeon
  3519 | D:5      | Noticed a two-headed ogre
  3888 | D:5      | Reached XP level 7. HP: 45/50 MP: 18/18
  4480 | D:5      | Reached skill level 9 in Unarmed Combat
  4634 | D:5      | Killed a two-headed ogre
  4635 | D:5      | Reached XP level 8. HP: 58/58 MP: 20/20
  5153 | D:5      | Found a runed translucent door.
  5154 | D:5      | Noticed Crazy Yiuf
  5173 | D:5      | Killed Crazy Yiuf
  6037 | D:6      | Reached XP level 9. HP: 53/65 MP: 21/21
  6083 | D:6      | Noticed a two-headed ogre
  6461 | D:6      | Found a broken altar of Ashenzari.
  6468 | D:6      | Reached * piety under Vehumet
  6468 | D:6      | Offered knowledge of Sandblast by Vehumet.
  6585 | D:6      | Identified the +1 pair of gloves "Wyniytov" {*Slow rElec
                  | rPois rCorr}
  6864 | D:7      | Found Soblies's General Store.
  6884 | D:7      | Bought a potion of heal wounds for 70 gold pieces
  6884 | D:7      | Bought a potion of degeneration for 14 gold pieces
  7106 | D:7      | Found Danuff's Book Emporium.
  7177 | D:7      | Found Ruamiliz's Antique Weapon Shop.
  7198 | D:7      | Found Teuhiq's Jewellery Boutique.
  7219 | D:7      | Reached skill level 5 in Evocations
  7367 | D:7      | HP: 2/65 [orc warrior/+0 long sword (13)]
  7627 | D:7      | You fall into a shaft and drop 3 floors!
  7627 | D:10     | Entered Level 10 of the Dungeon
  7647 | D:10     | Reached skill level 5 in Stealth
  7864 | D:10     | Reached skill level 5 in Invocations
  8029 | D:10     | Found a staircase to the Orcish Mines.
  8389 | D:10     | Found a burning altar of Makhleb.
  8393 | D:10     | Identified the +2 robe of Ommah {-Cast Regen+ Str+6 Int-4}
  8651 | D:10     | Reached XP level 10. HP: 22/73 MP: 22/22
  8652 | D:10     | Reached skill level 5 in Fighting
  8652 | D:10     | Reached skill level 5 in Short Blades
  8652 | D:10     | Reached skill level 5 in Long Blades
  8652 | D:10     | Reached skill level 5 in Axes
  8652 | D:10     | Reached skill level 5 in Maces & Flails
  8652 | D:10     | Reached skill level 5 in Polearms
  8652 | D:10     | Reached skill level 5 in Staves
  8652 | D:10     | Reached skill level 5 in Ranged Weapons
  8652 | D:10     | Reached skill level 5 in Throwing
  8652 | D:10     | Reached skill level 5 in Armour
  8652 | D:10     | Reached skill level 5 in Dodging
  8652 | D:10     | Reached skill level 5 in Shields
  8928 | D:10     | Found a shimmering altar of Xom.
  8930 | D:10     | Reached skill level 10 in Unarmed Combat
  9442 | D:9      | Noticed Erica
  9452 | D:9      | Killed Erica
  9453 | D:9      | Reached skill level 5 in Conjurations
  9453 | D:9      | Reached skill level 5 in Shapeshifting
  9645 | D:9      | Found a staircase to the Lair.
 10273 | D:8      | Found a hide-covered altar of Uskayaw.
 10288 | D:8      | Reached ** piety under Vehumet
 10288 | D:8      | Offered knowledge of Poisonous Vapours by Vehumet.
 10558 | D:8      | Found Redux's Book Boutique.
 10699 | D:8      | Reached XP level 11. HP: 39/81 MP: 24/24
 10939 | D:8      | Found Seoquashe's Book Boutique.
 10962 | D:8      | Found Ethruatt's Weapon Shop.
 10993 | D:8      | Reached skill level 5 in Hexes
 10993 | D:8      | Reached skill level 5 in Summonings
 10993 | D:8      | Reached skill level 5 in Necromancy
 10993 | D:8      | Reached skill level 5 in Translocations
 10993 | D:8      | Reached skill level 5 in Transmutations
 10993 | D:8      | Reached skill level 5 in Fire Magic
 10993 | D:8      | Reached skill level 5 in Ice Magic
 10993 | D:8      | Reached skill level 5 in Air Magic
 10993 | D:8      | Reached skill level 5 in Earth Magic
 10993 | D:8      | Reached skill level 5 in Poison Magic
 11673 | D:7      | Found a staircase to the Ecumenical Temple.
 11679 | D:7      | Offered knowledge of Frozen Ramparts by Vehumet.
 11921 | D:2      | Bought a pair of polished boots for 161 gold pieces
 11921 | D:2      | Identified the +5 pair of boots of the Eternal Fruit
                  | {Will++} (You bought it in a shop on level 2 of the
                  | Dungeon)
 11921 | D:2      | Bought a runed helmet for 127 gold pieces
 12159 | Orc:1    | Entered Level 1 of the Orcish Mines
 12168 | Orc:1    | Noticed an orc knight
 12454 | D:11     | Noticed a two-headed ogre
 12568 | D:11     | Noticed a sixfirhy
 12672 | D:10     | Reached *** piety under Vehumet
 12720 | D:11     | Found a bloodstained altar of Trog.
 12993 | D:11     | Noticed Lodul
 13011 | D:11     | Killed Lodul
 13061 | D:11     | Noticed a boulder beetle
 13065 | D:11     | Mangled by a boulder beetle

Illustrated notes

Levels and vault maps discovered:
D:1:      eino_arrival_cavern_a, layout_loops_ring
D:2:      layout_rooms, basic_altar, dreamdust_ecumenical_altar_drowned_temple,
          serial_shops, nicolae_shop_crystal, minivault_5
D:3:      layout_basic, serial_shops, nicolae_shop_back_alley_shop
D:4:      layout_loops_ring, nicolae_overflow_macrodata_refinement,
          mainiacjoe_overflow_large_starburst
D:5:      layout_loops_corners, uniq_crazy_yiuf_cottage
D:6:      layout_basic, mainiacjoe_overflow_alcove_2
D:7:      layout_rooms, temple_hall, serial_shops, shop, shop, shop, shop,
          nicolae_wand_duel, columned_hall_lemuel
D:8:      layout_loops_ring, mainiacjoe_overflow_alcove_1, serial_shops,
          nicolae_square_shop, nicolae_shop_trees, nicolae_stop_n_shop_1
D:9:      layout_basic, grunt_lair_entry_orc_guard_hut, uniq_erica
D:10:     layout_roguey, kb_xom_exploding_sheep, bloody_makhleb, david_orc_3
D:11:     layout_rooms, trog_ov_bears_minmay, uniq_lodul
Orc:1:    layout_caves

Skill      XL: |  1  2  3  4  5  6  7  8  9 10 11 |
---------------+----------------------------------+-----
Conjurations   | 2 3 4 5 6 |  6.0
Invocations    | 1 2 3 4 5 6 7 |  7.3
Fighting       | 1 2 3 4 5 6 |  6.6
Short Blades   | 1 2 3 4 5 6 |  6.6
Long Blades    | 1 2 3 4 5 6 |  6.6
Axes           | 1 2 3 4 5 6 |  6.6
Maces & Flails | 1 2 3 4 5 6 |  6.6
Polearms       | 1 2 3 4 5 6 |  6.6
Staves         | 1 2 3 4 5 6 |  6.6
Ranged Weapons | 1 2 3 4 5 6 |  6.6
Throwing       | 1 2 3 4 5 6 |  6.6
Armour         | 1 2 3 4 5 6 |  6.6
Dodging        | 1 2 3 4 5 6 |  6.6
Shields        | 1 2 3 4 5 6 |  6.6
Shapeshifting  | 1 2 3 4 5 6 |  6.0
Hexes          | 1 2 3 4 5 |  5.5
Summonings     | 1 2 3 4 5 |  5.5
Necromancy     | 1 2 3 4 5 |  5.5
Translocations | 1 2 3 4 5 |  5.5
Transmutations | 1 2 3 4 5 |  5.5
Fire Magic     | 1 2 3 4 5 |  5.5
Ice Magic      | 1 2 3 4 5 |  5.5
Air Magic      | 1 2 3 4 5 |  5.5
Earth Magic    | 1 2 3 4 5 |  5.5
Poison Magic   | 1 2 3 4 5 |  5.5
Evocations     | 3 4 5 6 7 |  7.2
Stealth        | 3 4 5 6 7 |  7.1
Unarmed Combat | 9 10 | 10.8
Spellcasting   | 8 9 |  9.8

Action                     |  1- 3 |  4- 6 |  7- 9 | 10-12 || total
---------------------------+-------+-------+-------+-------++-------
  Melee: Dagger            |    38 |    54 |    38 |       ||   130
         Bite              |     2 |     6 |    26 |    30 ||    64
         Punch             |     1 |     3 |    16 |     5 ||    25
         Short sword       |       |       |   128 |       ||   128
         Mace              |       |       |    81 |   255 ||   336
  Throw: Throwing net      |       |     1 |       |       ||     1
   Cast: Foxfire           |    71 |    85 |   147 |   192 ||   495
  Evoke: Wand              |       |       |     7 |    29 ||    36
    Use: Potion            |       |     3 |     4 |     1 ||     8
         Scroll            |       |       |     6 |       ||     6
   Stab: Held in net/web   |       |     1 |       |       ||     1
         Sleeping          |       |       |       |     1 ||     1
 Armour: Robe              |    27 |    22 |    31 |       ||    80
         Steam dragon scal |       |       |    44 |   120 ||   164
  Dodge: Dodged            |    28 |    50 |   141 |   239 ||   458
  Block: Buckler           |       |       |       |    89 ||    89

Table legend: (Time is in decaauts)
 A = Elapsed time spent in this place.
 B = Non-inter-level travel time spent in this place.
 C = Inter-level travel time spent in this place.
 D = Time resting spent in this place.
 E = Time spent auto-exploring this place.
 F = Levels seen in this place.
 G = Mean time per level.
                   A        B        C        D        E       F      G
               +--------+--------+--------+--------+--------+-----+--------+
         Total |  13092 |  12323 |    769 |    397 |   9624 |  12 | 1091.0 |
       Dungeon |  13078 |  12309 |    769 |    397 |   9624 |  11 | 1188.9 |
  Orcish Mines |     13 |     13 |      0 |      0 |      0 |   1 |   13.0 |
               +--------+--------+--------+--------+--------+-----+--------+

Top non-repeatable levels by time:
     D:5: 1907 daAuts
    D:10: 1867 daAuts
     D:6: 1619 daAuts
     D:8: 1404 daAuts
     D:9: 1212 daAuts
     D:4: 1078 daAuts
     D:3: 1021 daAuts
     D:2: 847 daAuts
     D:7: 844 daAuts
     D:1: 779 daAuts
    D:11: 496 daAuts
   Orc:1: 13 daAuts
